Map: King Sejong Station LE

Players

True

  • Race: Zerg Zerg
  • League: Grandmaster

IIIIIIIIIIII - Winner!

  • Race: Terran Terran
  • League: Grandmaster

VOD

Have the link to the VOD?

Description

4 raxx proxxy solid placements and execution. if they play any bit greedy you will always win with this build. Good luck have fun!

Time

  • Played on: Aug. 20, 2016, 2:15 p.m.
  • Length: 6:47
Show
View Real Time Build Order
Export as new Build Order

True Zerg 

Build Orders: Hatch First 

Get SALT Encoding   

  12  0:00  Drone  
  13  0:12  Overlord  
  13  0:17  Drone  
  14  0:31  Drone x2  
  14  0:35  Drone  
  17  0:53  Hatchery  
  17  0:56  Drone  
  17  1:12  Spawning Pool  
  17  1:13  Extractor  
  17  1:14  Drone  
  17  1:17  Drone  
  17  1:21  Drone  
  18  1:42  Overlord, Drone  
  19  1:58  Queen  
  21  2:02  Zergling x4  
  21  2:04  Queen  
  21  2:05  Zergling x2  
  26  2:11  Drone  
  27  2:16  Drone  
  27  2:19  Metabolic Boost  
  28  2:26  Spine Crawler  
  28  2:28  Zergling x2  
  28  2:30  Zergling x2  
  28  2:33  Zergling x2  
  30  2:38  Overlord  
  29  2:56  Zergling x4  
  29  2:57  Zergling x2  
  29  2:58  Zergling x2  
  29  3:01  Spine Crawler  
  29  3:19  Overlord  
  28  3:38  Zergling x4  
  28  3:40  Zergling x2  
  28  3:43  Zergling x2  
  28  3:44  Zergling x2  
  28  3:46  Zergling x2  
  26  3:50  Zergling x2  
  26  3:51  Queen  
  25  4:04  Zergling x2  
  25  4:08  Zergling x2  
  27  4:11  Zergling x2  
  28  4:22  Zergling x2  
  29  4:31  Queen, Spine Crawler  
  30  4:41  Zergling x2, Extractor  
  30  4:50  Zergling x2  
  23  4:55  Zergling x2  
  19  5:04  Zergling x2  
  22  5:15  Zergling x2  
Show
View Real Time Build Order
Export as new Build Order

IIIIIIIIIIII Terran - Winner!

Build Orders:  

Get SALT Encoding   

  12  0:00  SCV  
  13  0:14  Supply Depot  
  13  0:40  Barracks  
  13  0:53  Barracks  
  13  1:03  Barracks  
  13  1:08  SCV  
  14  1:27  Marine  
  14  1:29  Barracks  
  15  1:40  Marine  
  15  1:45  Marine  
  17  1:50  Marine  
  18  1:58  Marine  
  19  2:01  Supply Depot  
  19  2:06  Marine  
  19  2:08  Marine  
  21  2:16  Marine  
  22  2:22  Marine  
  22  2:25  Marine  
  22  2:28  Marine  
  25  2:35  Marine  
  26  2:40  Marine  
  27  2:47  Marine x2  
  29  2:58  Marine x2  
  31  3:22  Supply Depot  
  31  3:38  Marine  
  26  3:50  Marine x3  
  28  3:56  Marine  
  29  4:08  Marine x3  
  31  4:19  Marine  
  31  4:45  Marine x2  
  31  4:46  Marine  
  31  4:47  Marine  
  20  5:02  Marine  
  20  5:03  Marine  
  20  5:05  Marine  
  23  5:19  Marine  
  23  5:20  Marine  
  24  5:27  Marine  
Tags
 
Add a new tag
Caveats
  • Supply blocks, unpowered buildings, or Contaminate may cause inaccurate times.
  • Supply counts are checked every 10 seconds.